 Dungeon Crawl Stone Soup version 0.14-a0-1773-ge500af7 (webtiles) character file.

265 Mitsuki the Changer (level 4, -12/32 HPs)
             Began as a Merfolk Transmuter on Jan 7, 2014.
             Succumbed to an adder's poison
             ... on Level 4 of the Dungeon.
             The game lasted 00:11:17 (2370 turns).

Mitsuki the Changer (Merfolk Transmuter)            Turns: 2370, Time: 00:11:18

HP -12/32        AC  5     Str 10      XL: 4   Next: 68%
MP   6/7         EV 12     Int 13      God:
Gold 168         SH  0     Dex 14      Spells:  2 memorised,  3 levels left

rFire  . . .     SeeInvis .     m - +0 dagger
rCold  . . .     Clarity  .     c - +0 robe
rNeg   . . .     Conserve .     (no shield)
rPois  .         rCorr    .     (no helmet)
rElec  .         rRot     .     q - +1 cloak
SustAb . .       Spirit   .     (no gloves)
rMut   .         Warding  .     n - +0 pair of boots
Saprov . . .     Stasis   .     (no amulet)
                                (no ring)
                                (no ring)

@: extremely poisoned, drained, slightly resistant to hostile enchantments,
unstealthy
A: change form in water, swift swim
a: no special abilities


You were on level 4 of the Dungeon.
You were hungry.

You visited 1 branch of the dungeon, and saw 4 of its levels.

You collected 168 gold pieces.

Inventory:

Hand weapons
 m - a +0,+0 dagger (weapon)
Missiles
 b - 12 arrows
Armour
 c - a +0 robe (worn)
 n - a +0 pair of boots (worn)
 q - a +1 cloak (worn)
Magical devices
 f - a wand of digging (11)
Comestibles
 a - 4 bread rations
 i - a rotting chunk of hobgoblin flesh
 k - a meat ration
 o - 2 chunks of orc flesh
Scrolls
 e - 4 scrolls of remove curse
 j - a scroll of identify
 l - a scroll of amnesia {unknown}
Jewellery
 g - an uncursed amulet of rage
 h - an uncursed ring of sustain abilities {unknown}
Books
 d - a book of Changes

   Spells                             Type                      Level
   *Beastly Appendage                 Transmutation                1
   Sticks to Snakes                   Transmutation                2
   *Spider Form                       Transmutation/Poison         3
   Ice Form                           Ice/Transmutation            4
   Blade Hands                        Transmutation                5


   Skills:
 - Level 1.1(0.4) Fighting
 - Level 2.6(1.9) Dodging
 - Level 0.8(0.1) Stealth
 + Level 3.2(2.5) Unarmed Combat
 - Level 2.0(1.3) Spellcasting
 - Level 6.0(5.2) Transmutations
 + Level 0.7(0.0) Poison Magic


You had 3 spell levels left.
You knew the following spells:

 Your Spells              Type           Power        Failure   Level  Hunger
a - Beastly Appendage     Trmt           ##....       3%          1    ##.....
b - Spider Form           Trmt/Pois      #.........   28%         3    ####...


Dungeon Overview and Level Annotations

Branches:
Dungeon (4/16)
 Temple: D:4-7

Altars:

Annotations:
D:4 Dowan, Duvessa


Message History

The adder poisons you!
You hit Dowan.
Dowan is poisoned.
Dowan is lightly wounded.
* * * LOW HITPOINT WARNING * * *
You feel sick. The adder bites you.
* * * LOW HITPOINT WARNING * * *
You are more poisoned.
The adder poisons you!
Dowan hits you with an elven dagger of draining.
* * * LOW HITPOINT WARNING * * *
You feel drained.
Your transformation has ended.
Your +0,+0 dagger unmelds from your body.
Your +1 cloak unmelds from your body.
Your +0 pair of boots unmelds from your body.
Your +0 robe unmelds from your body.
* * * LOW HITPOINT WARNING * * *
You feel very sick. Dowan hits you but does no damage.
You feel drained.
You die...

#########
###########........
.!.......e..........
##.....eS##.........
#....[.............
#.....@.##........
#.......##..$....>
#.......##$.......
###.######..>.... #.
....### .. ....# ...
....# .... . ?....


You could see Duvessa, Dowan and an adder.

Vanquished Creatures
  Jessica (D:2)
  3 adders (D:3)
  A worm (D:2)
  3 giant geckos (D:1)
  2 orcs (D:3)
  2 giant cockroaches
  4 hobgoblins
  2 jackals (D:1)
  8 kobolds
  4 bats
  4 giant newts
  6 goblins
  6 rats
46 creatures vanquished.

Notes
Turn   | Place    | Note
--------------------------------------------------------------
     0 | D:1      | Mitsuki, the Merfolk Transmuter, began the quest for the Orb.
     0 | D:1      | Reached XP level 1. HP: 15/15 MP: 3/3
   101 | D:1      | Reached XP level 2. HP: 8/21 MP: 2/4
   488 | D:1      | Reached skill level 4 in Transmutations
   939 | D:2      | Reached XP level 3. HP: 19/26 MP: 4/6
   949 | D:2      | Learned a level 3 spell: Spider Form
   998 | D:2      | Noticed Jessica
  1006 | D:2      | Killed Jessica
  1181 | D:2      | HP: 1/26 [worm (7)]
  1204 | D:2      | Reached skill level 5 in Transmutations
  1767 | D:3      | Reached XP level 4. HP: 32/32 MP: 3/7
  2309 | D:3      | Reached skill level 6 in Transmutations
  2345 | D:4      | Noticed Duvessa
  2350 | D:4      | Noticed Dowan
  2370 | D:4      | Succumbed to an adder's poison

Action                   |  1- 3 |  4- 6 || total
-------------------------+-------+-------++-------
Melee: Unarmed           |    91 |    40 ||   131
       Dagger            |    20 |    14 ||    34
 Cast: Beastly Appendage |    13 |       ||    13
       Spider Form       |     6 |     6 ||    12
  Use: Scroll            |     4 |     7 ||    11
       Potion            |     3 |     1 ||     4
 Stab: Sleeping          |     1 |     1 ||     2
